% Time on Ice - KANSAS CITY KILLERBEES
Lines # - Real PCT - Wanted PCT - Time Play
Normal Forward
1 - 32% - 36% - 15:45
2 - 30% - 31% - 14:26
3 - 21% - 23% - 10:08
4 - 17% - 10% - 8:24
Normal Defense
1 - 34% - 36% - 16:40
2 - 31% - 31% - 15:13
3 - 31% - 23% - 15:15
4 - 3% - 10% - 1:35
PP Forward
1 - 56% - 55% - 4:28
2 - 44% - 45% - 3:28
PP Defense
1 - 67% - 55% - 5:21
2 - 33% - 45% - 2:35
PK Forward
1 - 91% - 55% - 3:02
2 - 9% - 45% - 0:19
PK Defense
1 - 27% - 55% - 0:54
2 - 73% - 45% - 2:27
PK3 Forward
1 - 0% - 55%
2 - 0% - 45%
PK3 Defense
1 - 0% - 55%
2 - 0% - 45%
44 Forward
1 - 0% - 55%
2 - 0% - 45%
44 Defense
1 - 0% - 55%
2 - 0% - 45%
Last Minute Offensive  - 0:00
Last Minute Defensive  - 0:00
Total
Forward - 60:00
Defense - 60:00
% Time on Ice - UTAH ICE BEARS
Lines # - Real PCT - Wanted PCT - Time Play
Normal Forward
1 - 35% - 36% - 17:01
2 - 34% - 34% - 16:33
3 - 24% - 25% - 11:29
4 - 8% - 5% - 3:40
Normal Defense
1 - 34% - 36% - 16:41
2 - 34% - 35% - 16:24
3 - 27% - 23% - 13:01
4 - 5% - 6% - 2:37
PP Forward
1 - 51% - 65% - 1:42
2 - 49% - 35% - 1:39
PP Defense
1 - 54% - 65% - 1:48
2 - 46% - 35% - 1:33
PK Forward
1 - 60% - 60% - 4:44
2 - 40% - 40% - 3:12
PK Defense
1 - 68% - 60% - 5:24
2 - 32% - 40% - 2:32
PK3 Forward
1 - 0% - 55%
2 - 0% - 45%
PK3 Defense
1 - 0% - 55%
2 - 0% - 45%
44 Forward
1 - 0% - 55%
2 - 0% - 45%
44 Defense
1 - 0% - 55%
2 - 0% - 45%
Last Minute Offensive  - 0:00
Last Minute Defensive  - 0:00
Total
Forward - 60:00
Defense - 60:00
Play-by-Play 1st period 0:01 of 1st period - Evgeni Malkin wins face-off versus Boone Jenner in neutral zone. 0:06 of 1st period - Shot by Casey Mittelstadt. 0:06 of 1st period - Stopped by Jake Kupsky without a rebound. 0:07 of 1st period - Nicholas Paul wins face-off versus Matthew Beniers in KANSAS CITY KILLERBEES zone. 0:07 of 1st period - Nicholas Paul is hit by Alexander Ovechkin. 0:15 of 1st period - T.J. Brodie is hit by Nicholas Paul and loses puck. 0:50 of 1st period - Icing by Alexis Lafreniere. 0:51 of 1st period - Nicholas Paul wins face-off versus Morgan Frost in KANSAS CITY KILLERBEES zone. 0:53 of 1st period - Icing by Alexis Lafreniere. 0:54 of 1st period - Evgeni Malkin wins face-off versus Alexis Lafreniere in KANSAS CITY KILLERBEES zone. 1:07 of 1st period - Icing by MacKenzie Weegar. 1:08 of 1st period - Boone Jenner wins face-off versus Evgeni Malkin in UTAH ICE BEARS zone. 1:08 of 1st period - Boone Jenner is hit by David Savard. 1:28 of 1st period - Shot by Boone Jenner. 1:28 of 1st period - Shot Misses the Net. 1:30 of 1st period - Shot by Boone Jenner. 1:30 of 1st period - Goal by Boone Jenner - KANSAS CITY KILLERBEES : 1 - UTAH ICE BEARS : 0. 1:31 of 1st period - Morgan Frost wins face-off versus Morgan Barron in neutral zone. 1:52 of 1st period - Shot by Morgan Barron. 1:52 of 1st period - Shot Misses the Net. 1:54 of 1st period - Shot by Jakub Voracek. 1:54 of 1st period - Stopped by Connor Ingram without a rebound. 1:55 of 1st period - Blake Lizotte wins face-off versus MacKenzie Entwistle in UTAH ICE BEARS zone. 2:06 of 1st period - Shot by Kyle Okposo. 2:06 of 1st period - Stopped by Jake Kupsky without a rebound. 2:07 of 1st period - Boone Jenner wins face-off versus Morgan Frost in KANSAS CITY KILLERBEES zone. 3:21 of 1st period - Shot by Zach Aston-Reese. 3:21 of 1st period - Shot Misses the Net. 3:25 of 1st period - Shot by Morgan Barron. 3:25 of 1st period - Shot Misses the Net. 3:36 of 1st period - Minor Penalty to Andrew Peeke for Hooking. 3:37 of 1st period - Tyler Johnson wins face-off versus Morgan Frost in UTAH ICE BEARS zone. 5:06 of 1st period - Icing by Mattias Ekholm. 5:07 of 1st period - Boone Jenner wins face-off versus Morgan Frost in KANSAS CITY KILLERBEES zone. 6:05 of 1st period - Shot by Jaret Anderson-Dolan. 6:05 of 1st period - Shot Misses the Net. 7:28 of 1st period - Shot by Morgan Frost. 7:28 of 1st period - Shot Misses the Net. 7:30 of 1st period - Shot by Morgan Frost. 7:30 of 1st period - Shot Misses the Net. 7:32 of 1st period - Shot by Matias Maccelli. 7:32 of 1st period - Shot Misses the Net. 7:34 of 1st period - Shot by Morgan Frost. 7:34 of 1st period - Shot Blocked by Riley Stillman. 8:10 of 1st period - Andrew Peeke is hit by Nicolas Aube-Kubel and loses puck. 8:18 of 1st period - Shot by T.J. Brodie. 8:18 of 1st period - Shot Misses the Net. 8:20 of 1st period - Shot by Kyle Okposo. 8:20 of 1st period - Stopped by Jake Kupsky without a rebound. 8:21 of 1st period - Boone Jenner wins face-off versus Alexander Ovechkin in KANSAS CITY KILLERBEES zone. 8:28 of 1st period - Shot by Boone Jenner. 8:28 of 1st period - Stopped by Connor Ingram without a rebound. 8:29 of 1st period - Evgeni Malkin wins face-off versus Nicholas Paul in UTAH ICE BEARS zone. 8:29 of 1st period - Evgeni Malkin is hit by Alexis Lafreniere. 9:04 of 1st period - Icing by Sean Walker. 9:05 of 1st period - Tyler Johnson wins face-off versus Matthew Beniers in KANSAS CITY KILLERBEES zone. 9:38 of 1st period - Icing by David Savard. 9:39 of 1st period - Boone Jenner wins face-off versus Matthew Beniers in UTAH ICE BEARS zone. 10:46 of 1st period - Shot by Evgeni Malkin. 10:46 of 1st period - Stopped by Jake Kupsky without a rebound. 10:47 of 1st period - Morgan Frost wins face-off versus Morgan Barron in KANSAS CITY KILLERBEES zone. 11:21 of 1st period - Lucas Raymond is hit by Jacob Muzzin and loses puck. 12:19 of 1st period - Shot by Matthew Beniers. 12:19 of 1st period - Stopped by Jake Kupsky without a rebound. 12:20 of 1st period - Evgeni Malkin wins face-off versus Boone Jenner in KANSAS CITY KILLERBEES zone. 13:49 of 1st period - Shot by Alexander Ovechkin. 13:49 of 1st period - Shot Misses the Net. 13:51 of 1st period - Shot by Matthew Beniers. 13:51 of 1st period - Shot Misses the Net. 14:38 of 1st period - Blake Lizotte is hit by Nicolas Aube-Kubel and loses puck. 14:52 of 1st period - Nicolas Aube-Kubel is hit by Kevin Bahl and loses puck. 15:15 of 1st period - Evgeni Malkin is hit by Mattias Ekholm and loses puck. 16:27 of 1st period - Icing by Boone Jenner. 16:28 of 1st period - Boone Jenner wins face-off versus Alexander Ovechkin in KANSAS CITY KILLERBEES zone. 17:06 of 1st period - Shot by Alexander Barabanov. 17:06 of 1st period - Shot Misses the Net. 17:08 of 1st period - Shot by Alexander Barabanov. 17:08 of 1st period - Stopped by Jake Kupsky with a rebound. 17:12 of 1st period - Shot by Matthew Beniers. 17:12 of 1st period - Shot Blocked by Boone Jenner. 17:36 of 1st period - Icing by Sean Walker. 17:37 of 1st period - Blake Lizotte wins face-off versus Morgan Barron in KANSAS CITY KILLERBEES zone. 18:04 of 1st period - Shot by Jakub Voracek. 18:04 of 1st period - Stopped by Connor Ingram without a rebound. 18:05 of 1st period - Morgan Frost wins face-off versus MacKenzie Entwistle in UTAH ICE BEARS zone. 18:05 of 1st period - Morgan Frost is hit by Nicolas Aube-Kubel. 18:17 of 1st period - Shot by Lucas Raymond. 18:17 of 1st period - Stopped by Jake Kupsky without a rebound. 18:18 of 1st period - Matthew Beniers wins face-off versus MacKenzie Entwistle in KANSAS CITY KILLERBEES zone. 18:24 of 1st period - Minor Penalty to Alexander Ovechkin for Tripping. 18:25 of 1st period - Boone Jenner wins face-off versus Morgan Frost in UTAH ICE BEARS zone. 18:40 of 1st period - Shot by K'Andre Miller. 18:40 of 1st period - Shot Blocked by Andrew Peeke. 18:42 of 1st period - Shot by Philipp Kurashev. 18:42 of 1st period - Shot Misses the Net. 18:44 of 1st period - Shot by Philipp Kurashev. 18:44 of 1st period - Shot Blocked by Andrew Peeke. 18:46 of 1st period - Shot by K'Andre Miller. 18:46 of 1st period - Stopped by Connor Ingram without a rebound. 18:47 of 1st period - Morgan Frost wins face-off versus Tyler Johnson in UTAH ICE BEARS zone. 19:22 of 1st period - Shot by Alexis Lafreniere. 19:22 of 1st period - Stopped by Connor Ingram with a rebound. 19:24 of 1st period - Shot by Nicholas Paul. 19:24 of 1st period - Stopped by Connor Ingram without a rebound. 19:25 of 1st period - Boone Jenner wins face-off versus Blake Lizotte in UTAH ICE BEARS zone. Goals for this period are 1 for KANSAS CITY KILLERBEES vs 0 for UTAH ICE BEARS. Shots for this period are 7 for KANSAS CITY KILLERBEES vs 7 for UTAH ICE BEARS. 2nd period 0:01 of 2nd period - Boone Jenner wins face-off versus Morgan Frost in neutral zone. 0:22 of 2nd period - Shot by Mattias Ekholm. 0:22 of 2nd period - Stopped by Connor Ingram with a rebound. 1:32 of 2nd period - Minor Penalty to Artem Zub for Slashing. 1:33 of 2nd period - Morgan Frost wins face-off versus Boone Jenner in UTAH ICE BEARS zone. 1:33 of 2nd period - Morgan Frost is hit by Philipp Kurashev. 2:41 of 2nd period - Shot by Nicholas Paul. 2:41 of 2nd period - Shot Misses the Net. 2:43 of 2nd period - Shot by Sean Walker. 2:43 of 2nd period - Stopped by Connor Ingram without a rebound. 2:44 of 2nd period - Morgan Frost wins face-off versus Boone Jenner in UTAH ICE BEARS zone. 3:12 of 2nd period - Shot by Boone Jenner. 3:12 of 2nd period - Shot Misses the Net. 4:39 of 2nd period - Shot by Lucas Raymond. 4:39 of 2nd period - Stopped by Jake Kupsky with a rebound. 4:41 of 2nd period - Shot by Morgan Frost. 4:41 of 2nd period - Deflect By Lucas Raymond. 4:41 of 2nd period - Stopped by Jake Kupsky with a rebound. 4:43 of 2nd period - Shot by David Savard. 4:43 of 2nd period - Shot Misses the Net. 5:29 of 2nd period - Shot by Evgeni Malkin. 5:29 of 2nd period - Stopped by Jake Kupsky without a rebound. 5:30 of 2nd period - Blake Lizotte wins face-off versus Boone Jenner in